Cogmind - Beta 14 @@@ ROGUE MODE // 2025.03.19 @ 05:44:26 Player: J1ang-5h1 Result: Destroyed by D-53 Grenadier with Mini Grenade Launcher Performance ------------- Evolutions (0) 0 Regions Visited (2) 400 Robots Destroyed (43) 215 Value Destroyed (746) 746 Prototype IDs (5) 100 Alien Tech Used (0) 0 Bonus (75) 75 TOTAL SCORE: 1536 Bonus ------- High Alert Combat Kills 18 Follower Combat Kills 57 Cogmind --------- Core Integrity 0/250 Matter 300/300 Energy 86/100 System Corruption 0% Temperature Cool (0) Movement Core (1400) Ox27 Location -10/Mines Parts ------- > --- POWER (1) -------- (None) > --- PROPULSION (2) --- (None) > --- UTILITY (2) ------ Improved Heat Sink Huge Storage Unit > --- WEAPON (2) ------- Medium Laser > --- INVENTORY (25) --- Light Nuclear Core Light Treads Light Treads Compact Wheel Disposable Heat Sink Large Matter Pod (150) Structural Scanner Machine Analyzer Sensor Array Improved Terrain Scanner Seismic Detector Medium Laser Autogun Autogun Autogun Autogun Light Cannon Grenade Launcher Grenade Launcher Grenade Launcher Rocket Launcher Rocket Launcher Rocket Launcher Mining Laser Peak State ------------ > --- POWER ------------ Ion Engine > --- PROPULSION ------- Wheel Wheel > --- UTILITY ---------- Improved Heat Sink Huge Storage Unit > --- WEAPON ----------- Medium Laser Rocket Launcher > --- INVENTORY -------- Light Nuclear Core Light Treads Light Treads Compact Wheel Disposable Heat Sink Large Matter Pod Structural Scanner Machine Analyzer Sensor Array Improved Terrain Scanner Seismic Detector Medium Laser Medium Laser Autogun Autogun Autogun Autogun Light Cannon Grenade Launcher Grenade Launcher Grenade Launcher Rocket Launcher Rocket Launcher Mining Laser [Rating: 13] Favorites ----------- Power Light Ion Engine Engine Light Ion Engine Propulsion Wheel Treads Light Treads Wheel Wheel Utility Improved Heat Sink Device Improved Heat Sink Storage Medium Storage Unit Weapon Medium Laser Energy Gun Medium Laser Ballistic Gun Light Assault Rifle Launcher Rocket Launcher Build | -11 -10 -10 ------- Run | Yrd Mat Min Slots Evolved . | . . . Power . | . . . Propulsion . | . . . Utility . | . . . Weapon . | . . . Parts Attached 30 | 6 22 2 Power 4 | 1 3 . Engine 4 | 1 3 . Core . | . . . Reactor . | . . . Propulsion 7 | 2 5 . Treads 3 | . 3 . Leg . | . . . Wheel 4 | 2 2 . Hover . | . . . Flight . | . . . Utility 6 | 1 5 . Device 3 | . 3 . Storage 3 | 1 2 . Processor . | . . . Hackware . | . . . Protection . | . . . Artifact . | . . . Weapon 13 | 2 9 2 Energy Gun 6 | 1 4 1 Energy Cannon . | . . . Ballistic Gun 4 | 1 3 . Ballistic Cannon . | . . . Launcher 3 | . 2 1 Special Weapon . | . . . Impact Weapon . | . . . Slashing Weapon . | . . . Piercing Weapon . | . . . Special Melee Weapon . | . . . Unidentified Prototypes . | . . . Parts Lost 7 | . 3 4 Power 2 | . 1 1 Propulsion 2 | . . 2 Utility 1 | . 1 . Weapon 2 | . 1 1 Highest Loss Streak 4 | . 1 4 To Critical Strikes . | . . . Average Slot Usage (%) 97 | . 97 99 Engine 13 | . 13 13 Treads 9 | . 11 . Wheel 18 | . 16 28 Device 12 | . 12 14 Storage 14 | . 14 14 Energy Gun 17 | . 14 28 Ballistic Gun 10 | . 12 . Peak Build Rating 13 | 7 12 13 Average Rating 9 | 5 9 11 On Entrance 6 | . 6 12 Naked Turns . | . . . Heaviest Build 90 | 12 90 90 Greatest Support 40 | 32 40 20 Greatest Overweight (x) 8 | . 8 4 Average Overweight (x) 1 | . 1 4 Largest Inventory Capacity 25 | 8 25 25 Average Capacity 15 | 7 13 25 Most Carried 25 | 8 25 24 Average Carried 13 | 4 11 24 Final Capacity 25 | 8 25 25 Final Carried 24 | 7 24 24 Class Distribution -------------------- 100% | Mutant Dominant Class ---------------- Mutant | -10/Materials Mutant | -10/Mines Resources | -11 -10 -10 ----------- Run | Yrd Mat Min Matter Collected 870 | 282 557 31 Remotely . | . . . Salvage Created 1182 | 185 851 146 Parts 92 | 17 63 12 Haulers Intercepted 2 | . 2 . Recyclers Shooed 1 | 1 . . Parts Field Recycled . | . . . Retrieved Matter . | . . . Parts Self-Destructed . | . . . Prevented . | . . . Kills | -11 -10 -10 ------- Run | Yrd Mat Min Combat Hostiles Destroyed 27 | . 20 7 Guns 22 | . 18 4 AOE 4 | . 2 2 Classes Destroyed 10 | 2 8 . Worker 1 | . 1 . Builder 1 | . 1 . Tunneler 6 | 5 1 . Hauler 2 | . 2 . Recycler 2 | 1 1 . Mechanic 1 | . 1 . Operator 1 | . 1 . Watcher 2 | . 2 . Swarmer 14 | . 9 5 Grunt 13 | . 11 2 Best Kill Streak 6 | 6 4 4 Combat Bots Only 4 | . 3 4 Max Kills in Single Turn 2 | 1 2 2 Gunslinging . | . . . Exploded 2 | . 2 2 Melee . | . . . Uniques/NPCs Destroyed . | . . . Combat | -11 -10 -10 -------- Run | Yrd Mat Min Hostile Shots Fired 111 | . 82 29 Missed 35 | . 24 11 Damage Taken 962 | . 574 388 Core 257 | . 152 105 Absorbed by Shields . | . . . Regen/Repaired (Parts) 61 | . 61 . Core Remaining (%) 100 | 100 . . Volleys Fired 104 | 11 76 17 Largest 2 | 2 2 2 Hottest 100 | 70 70 100 Shots Fired 201 | 22 147 32 Gun 196 | 22 143 31 Cannon . | . . . Launcher 5 | . 4 1 Special . | . . . Kinetic 82 | 11 71 . Thermal 114 | 11 72 31 Explosive 5 | . 4 1 Electromagnetic . | . . . Robot Hit Streak 14 | 4 14 6 Robot Miss Streak 5 | 2 5 4 Penetration Max . | . . . Secondary Targets 2 | . 1 1 Max Gunslinging Chain 1 | . 1 1 Shots Hit Robots 121 | 14 89 18 Core Hits 61 | 7 46 8 Critical Kills . | . . . Critical Parts Destroyed . | . . . Critical Strikes 9 | 3 4 2 Burn 9 | 3 4 2 Melee Attacks . | . . . Impact . | . . . Slashing . | . . . Piercing . | . . . Sneak Attacks . | . . . Combat Hostiles . | . . . Follow-up Attacks . | . . . Damage Inflicted 1814 | 174 1260 380 Guns 1438 | 174 1045 219 Cannons . | . . . Explosions 376 | . 215 161 Melee . | . . . Ramming . | . . . Kinetic 516 | 61 455 . Thermal 922 | 113 590 219 Explosive 376 | . 215 161 Electromagnetic . | . . . Impact . | . . . Slashing . | . . . Piercing . | . . . Highest Corruption . | . . . Average Corruption . | . . . Corruption Purged . | . . . Corruption Blocked . | . . . Overload Shots . | . . . Overflow Damage 25 | . . 25 Projectiles . | . . . Explosions 25 | . . 25 Melee . | . . . Knockbacks . | . . . Impact . | . . . Kinetic . | . . . Secondary . | . . . Self-Inflicted Damage . | . . . Shots . | . . . Rammed . | . . . Targets Rammed . | . . . Kicked . | . . . Crushed . | . . . Highest Temperature 213 | 36 213 11 Average Temperature 40 | 14 47 5 Received Heat Transfer 288 | . 231 57 Siege Activations . | . . . Robots Corrupted . | . . . Combat Hostiles . | . . . Parts Fried . | . . . Impact Corruptions . | . . . Robots Melted 1 | . . 1 Combat Hostiles 1 | . . 1 Parts Melted 6 | . 5 1 Heat Transferred 3330 | 555 1998 777 Parts Sabotaged . | . . . Parts Stolen . | . . . Parts Stripped . | . . . Power Chain Reactions . | . . . Alert | -11 -10 -10 ------- Run | Yrd Mat Min Peak Influence 436 | 30 436 374 Initial 97 | . 19 97 Average 281 | 11 299 280 Maximum Alert Level 2 | . 2 1 Low Security (%) 15 | 100 10 10 Level 1 77 | . 80 89 Level 2 7 | . 9 . Level 3 . | . . . Level 4 . | . . . Level 5 . | . . . High Security . | . . . Max Security . | . . . Squads Dispatched 4 | . 4 . Investigation 3 | . 3 . Extermination . | . . . Reinforcement 1 | . 1 . Assault . | . . . Garrison . | . . . Intercept . | . . . Searches Triggered . | . . . Construction Impeded . | . . . Haulers Reinforced . | . . . Active Scanning Responses . | . . . Cargo Convoy Interrupts . | . . . Stealth | -11 -10 -10 --------- Run | Yrd Mat Min Distress Signals 4 | . 3 1 Communications Jammed . | . . . Distress Signals . | . . . Times Spotted 42 | . 30 12 Peak Tracking Total 4 | . 4 3 Tactical Retreats 2 | . 2 . Traps | -11 -10 -10 ------- Run | Yrd Mat Min Traps Triggered 1 | . 1 . Indirectly . | . . . Trap Hack Attempts . | . . . Triggered . | . . . Disarmed . | . . . Reprogrammed . | . . . Reused . | . . . Traps Extracted . | . . . Installed . | . . . Triggered . | . . . Machines | -11 -10 -10 ---------- Run | Yrd Mat Min Machines Disabled . | . . . Max in Single Turn . | . . . Machines Repaired . | . . . Machines Dismantled . | . . . Machines Sabotaged . | . . . Overloaded Fab Kills . | . . . Hacking | -11 -10 -10 --------- Run | Yrd Mat Min Machines Accessed 10 | . 10 . Terminals 7 | . 7 . Fabricators . | . . . Repair Stations 1 | . 1 . Recycling Units 2 | . 2 . Scanalyzers . | . . . Garrison Access . | . . . Total Hacks 37 | . 37 . Successful 17 | . 17 . Failed 19 | . 19 . Catastrophic 1 | . 1 . Database Lockouts 1 | . 1 . Manual 28 | . 28 . Terminals 26 | . 26 . Fabricators . | . . . Repair Stations 2 | . 2 . Recycling Units 9 | . 9 . Scanalyzers . | . . . Garrison Access . | . . . Terminal Hacks 6 | . 6 . Robot Analysis 2 | . 2 . Prototype ID Bank 3 | . 3 . Locate Traps 1 | . 1 . Fabricator Hacks . | . . . Repair Station Hacks 2 | . 2 . Scan Component 1 | . 1 . Repair 1 | . 1 . Recycling Unit Hacks 2 | . 2 . Report Inventory 1 | . 1 . Retrieve Components 1 | . 1 . Scanalyzer . | . . . Garrison Access Hacks . | . . . Unauthorized Hacks 7 | . 7 . Terminals 3 | . 3 . Botnet 2 | . 2 . Disrupt 1 | . 1 . Fabricators . | . . . Repair Stations . | . . . Recycling Units 4 | . 4 . Reject 1 | . 1 . Mask 1 | . 1 . Tunnel 2 | . 2 . Scanalyzers . | . . . Garrison Access . | . . . Data Cores Recovered 1 | . 1 . Used . | . . . Hacking Detections 8 | . 8 . Full Trace Events 1 | . 1 . Feedback Events . | . . . Feedback Blocked . | . . . Robot Schematics Acquired . | . . . Robots Built . | . . . Authchips . | . . . Time . | . . . Total Robot Build Rating . | . . . Part Schematics Acquired . | . . . Parts Built . | . . . Authchips . | . . . Time . | . . . Total Part Build Rating . | . . . Parts Repaired 1 | . 1 . Time 26 | . 26 . Parts Recycled . | . . . Recycled Matter . | . . . Retrieved Matter . | . . . Retrieved Components 9 | . 9 . Parts Scanalyzed . | . . . Part Schematics Acquired . | . . . Parts Damaged . | . . . Bothacking | -11 -10 -10 ------------ Run | Yrd Mat Min Used RIF Installer . | . . . Robots Hacked . | . . . Non-combat . | . . . Combat . | . . . Robot Hacks Applied . | . . . Relay Couplers Released . | . . . Fabnet Peak Effective % . | . . . Robots Rewired . | . . . Allies Hacked . | . . . Hacks Repelled . | . . . Allies | -11 -10 -10 -------- Run | Yrd Mat Min Total Allies 2 | . . 2 Largest Group 2 | . . 2 Highest-Rated Group 47 | . . 47 Highest-Rated Ally 31 | . . 31 Total Orders . | . . . Ally Attacks 15 | . . 15 Total Damage 228 | . . 228 Kills 3 | . . 3 Allies Corrupted . | . . . Allies Melted . | . . . Intel | -11 -10 -10 ------- Run | Yrd Mat Min Robot Analysis Total 2 | . 2 . Derelict Logs Recovered 1 | . . 1 Drone Launches . | . . . Drone Recoveries . | . . . Exploration | -11 -10 -10 ------------- Run | Yrd Mat Min Turns Passed 2254 | 116 1746 392 Spaces Moved 1369 | 73 1057 239 Core 20 | 20 . . Treads 376 | . 376 . Legs . | . . . Wheels 973 | 53 681 239 Hover . | . . . Flight . | . . . Fastest Speed 50 | 50 100 140 Average Speed 133 | 86 135 140 Slowest Speed 320 | 100 320 140 Overloaded Moves . | . . . Propulsion Burnouts . | . . . Robots Hopped . | . . . Cave-ins Triggered . | . . . Exploration Rate (%) 49 | 4 97 48 Regions Visited 2 Branch Regions 1 Pre-discovered Areas 3 | . 2 1 Known Exits Taken . | . . . Unknown Exits Taken 2 | 1 1 . Scrap Searched . | . . . Spaces Dug 8 | . 8 . Terrain Destroyed 57 | . 47 10 Melee . | . . . Projectile . | . . . AOE 57 | . 47 10 Terrain Rammed . | . . . Walls Destroyed . | . . . Machines Disabled . | . . . Actions | -11 -10 -10 --------- Run | Yrd Mat Min Total 1604 | 103 1237 264 Wait 46 | . 40 6 Move 1367 | 72 1056 239 Hop . | . . . Pick Up 43 | 13 30 . Fast Attach 6 | 1 5 . Attach 11 | 5 6 . Detach . | . . . Swap 13 | . 11 2 Drop 14 | 1 13 . Fire 104 | 11 76 17 Melee . | . . . Ram . | . . . Kick . | . . . Crush . | . . . Escape Stasis . | . . . Rewire . | . . . Trap . | . . . Miscellaneous . | . . . Route ------- -11/Scrapyard -10/Materials (discovered 5 exits: [*Mat x3] / [*Min x2]) -10/Mines (discovered 1 exit: [*Mat]) History --------- Turn | Location | Event 34 | -11/Scrapyard | Discovered new exit (range 15) 117 | -11/Scrapyard | Entered Materials 300 | -10/Materials | Build established: Mutant 328 | -10/Materials | Discovered new exit (range 13) 502 | -10/Materials | Discovered new exit (range 7) 646 | -10/Materials | Discovered new exit (range 16) 852 | -10/Materials | Discovered new exit (range 12) 1136 | -10/Materials | Discovered new exit (range 16) 1295 | -10/Materials | Core integrity fell below 50% 1422 | -10/Materials | Central database locked down 1802 | -10/Materials | Repaired Lgt. Treads 1863 | -10/Materials | Entered Mines 2053 | -10/Mines | Assembled infested the area 2062 | -10/Mines | Learned location of Zion (-6) 2200 | -10/Mines | Core integrity fell below 20% 2220 | -10/Mines | Discovered new exit (range 12) 2255 | -10/Mines | Destroyed by D-53 Grenadier with Mini Grenade Launcher Last Messages --------------- 02062_ Acquired derelict log, extracted data. World map updated: -6/Zion. 02084_ K-01 Serf collects debris. 02179_ T-07 Excavator sends out distress signal. 02203_ G-47 Trooper suffers critical hit (Burn). 02207_ Lgt. Nuclear Core melted. 02207_ G-47 Trooper destroyed. 02207_ Switching to secondary target: G-34 Mercenary. 02209_ K-01 Serf collects debris. 02209_ G-34 Mercenary destroyed. 02212_ K-01 Serf collects debris. 02220_ EXIT=FOUND 02249_ Ion Engine destroyed. 02251_ U-05 Engineer builds a Wall. 02252_ The unstable cave ceiling collapses. 02252_ U-05 Engineer builds a Wall. 02253_ Wheel destroyed. 02253_ Med. Laser destroyed. 02255_ Wheel destroyed. Map ----- +----------------------------------------------------+ | ?????? ?# #???# #?????????????????????????? | | ??????? ?# #???# #??????# ????????????????? | | ???????? # #???# #?????# ????????????????? | | ????????? # #???# #????# ????????????????? | | ?????????? #???# #??## ????????????????? | | ??????????# #???# ### ?????????????????? | | ??????????# #???# #???????????????????? | | ?####?????# ##### #?????????????????????? | | ## ###???# #??????????????????????? | | ##??# ##??????????????????????? | | ##?# ####%[ ##??????????????????????? | | ## ### #??#=%= #??????????????????????? | | ?# #??##* ##?????????????????????? | | ?## ######???# r #?????????????????????? | | ??######????????## ##?????????????????????? | | ?????????????????#### ######??????????????????? | | ???????# ####### # ##?????????????????? | | ???????# < # # ??????????????????? | | ???????# ####### ###### #????????????? | | ????????????????????# u= #????????????? | | ????????????????????# ##### #????????????? | | ?????????????????????# ### #????????????? | | ????????????????????## t ??????????????? | | ????????????????????# #???????????????? | | ????????????????????# ##??????????????? | | ?????????????????????# @ d #####??????????? | | ????????????????????# #??????????? | | ????????????????????# #?????????? | | ???????????????????# d #????????? | | ???????????????????# #????????? | | ???????????????????# ### #????????? | | ???????????????????## ##??# #????????? | | ????????????????????#######???? ##????????? | | ???????????????????????????????? ##?????????? | | ????????????????????????????????? #??????????? | | ?????????????????????????????????? #??????????? | | ???????????????????????????????????#??????????? | | ??????????????????????????????????????????????? | | ??????????????????????????????????????????????? | | ??????????????????????????????????????????????? | | ??????????????????????????????????????????????? | | ??????????????????????????????????????????????? | | ??????????????????????????????????????????????? | | ??????????????????????????????????????????????? | | ??????????????????????????????????????????????? | | ??????????????????????????????????????????????? | | ??????????????????????????????????????????????? | | ??????????????????????????????????????????????? | | ??????????????????????????????????????????????? | | ??????????????????????????????????????????????? | +----------------------------------------------------+ Best States ------------- Heat Dissipation 39 Energy Generation 10 Energy Capacity 250 Matter Stores 300 Matter Capacity 300 Sight Range 16 Robot Scan Range 14 Terrain Scan Density 10 Evasion (%) 50 Recoil Reduction 2 Item Schematics ----------------- None Robot Schematics ------------------ None Fabricated ------------ Nothing Alien Tech Used ----------------- None Achievements -------------- None Challenges ------------ None Game ------ Seed GunDroneAmplifier Manual? 0 Play Time 00:22:30 Cumulative 367.9 hours Start 2025.03.19 @ 05:24:18 End 2025.03.19 @ 05:44:26 Sessions 1 Manual Loads 0 Difficulty Rogue Special Mode None Game No. 260 Rogue 250 Adventurer 0 Explorer 10 Win Type - Total 5 Types 5/0/0/0/0/0/0/0/0 Lore% 81 Gallery% 75 Achievement% 62 Wizard Run 0 Options --------- Layout 2 ASCII 0 Keyboard 0 Movement Arrows Keybinds 1 Fullscreen 1 Font 24/Smallcaps Map View 50x44 Zoom Use 0% Tactical HUD 1 Map Filters NONE Filters NONE Steam 1 RUN: 79edf6ae-1ece-4880-af41-a0353367d383